Map: Dreamcatcher LE

Players

Swatopluke - Winner!

  • Race: Protoss Protoss
  • League: Platinum
  • Spawn Location: 11:00

Sneum

  • Race: Protoss Protoss
  • League: Platinum
  • Spawn Location: 5:00

VOD

Have the link to the VOD?

Description

Time

  • Played on: Nov. 12, 2018, 7:53 p.m.
  • Length: 9:06
Show
View Real Time Build Order
Export as new Build Order

Swatopluke Protoss - Winner!

Build Orders: Blink Stalkers 

Get SALT Encoding   

  12  0:00  Probe  
  13  0:13  Probe  
  14  0:18  Pylon  
  14  0:25  Probe  
  15  0:37  Probe  
  15  0:39  Gateway  
  16  0:45  Probe  
  16  0:49  Assimilator  
  17  0:53  Probe  
  17  1:03  Probe  
  19  1:15  Probe  
  20  1:19  Assimilator  
  20  1:26  Probe  
  20  1:28  Cybernetics Core  
  20  1:31  Zealot  
  23  1:47  Pylon  
  23  2:05  Warp Gate, Probe  
  23  2:06  Stalker  
  25  2:17  Probe  
  25  2:18  Twilight Council  
  26  2:31  Gateway  
  26  2:33  Gateway  
  26  2:37  Gateway  
  26  2:45  Blink  
  26  2:58  Probe  
  27  2:59  Pylon  
  27  3:04  Stalker  
  27  3:18  Stalker  
  29  3:20  Stalker  
  31  3:35  Shield Battery  
  31  3:45  Pylon  
  31  3:47  Pylon  
  31  4:13  Stalker x4  
  37  4:23  Gateway  
  37  4:36  Stalker x2  
  39  5:00  Stalker x3  
  46  5:09  Probe  
  46  5:15  Robotics Facility  
  46  5:27  Pylon  
  46  5:52  Immortal  
  42  6:00  Stalker x2  
  50  6:13  Charge  
  50  6:14  Zealot x2  
  54  6:21  Pylon  
  52  6:44  Immortal  
  54  6:48  Zealot x2  
  54  6:52  Probe  
  55  7:18  Stalker x3  
  55  7:21  Zealot  
  63  7:47  Nexus  
  63  8:01  Probe, Observer  
  59  8:14  Zealot x2  
  57  8:40  Stalker x4  
Show
View Real Time Build Order
Export as new Build Order

Sneum Protoss 

Build Orders:  

Get SALT Encoding   

  12  0:00  Probe  
  13  0:13  Probe  
  14  0:19  Pylon  
  14  0:25  Probe  
  15  0:34  Probe  
  15  0:39  Gateway  
  15  0:42  Probe  
  17  0:50  Assimilator  
  17  0:51  Probe  
  18  1:03  Gateway  
  18  1:05  Probe  
  18  1:10  Assimilator  
  19  1:39  Probe  
  20  1:52  Cybernetics Core  
  20  1:55  Probe  
  20  1:56  Pylon  
  21  2:19  Stalker x2  
  21  2:20  Gateway  
  21  2:22  Warp Gate  
  21  2:23  Pylon  
  25  2:39  Probe  
  26  2:51  Probe  
  26  2:54  Stalker x2  
  31  3:07  Twilight Council  
  31  3:24  Stalker  
  31  3:25  Probe  
  34  3:32  Robotics Facility  
  34  3:37  Probe  
  35  3:49  Probe  
  35  3:51  Stalker  
  38  4:00  Pylon  
  38  4:01  Probe  
  39  4:17  Warp Prism  
  39  4:20  Probe  
  42  4:34  Blink  
  42  4:41  Nexus  
  32  5:01  Stalker x2  
  32  5:07  Stalker  
  38  5:08  Immortal  
  42  5:14  Shield Battery  
  42  5:17  Shield Battery  
  42  5:24  Stalker  
  38  5:37  Stalker  
  38  5:38  Stalker  
  32  5:50  Stalker  
  28  6:08  Stalker  
  30  6:14  Sentry  
  31  6:46  Probe  
  32  6:54  Probe  
  33  7:02  Probe  
  34  7:12  Probe  
  33  7:16  Stalker x2  
  33  7:17  Stalker  
  39  7:32  Pylon  
  39  7:40  Pylon  
  39  7:50  Probe  
  40  8:02  Probe  
  18  8:55  Pylon  
  18  8:57  Pylon  
Tags
 
Composition
Blink Stalkers
Matchup
PvP
Replay Pack
Swatopluke
Spawn Locations
Cross Positions
Add a new tag
Caveats
  • Supply blocks, unpowered buildings, or Contaminate may cause inaccurate times.
  • Supply counts are checked every 10 seconds.